 Dungeon Crawl Stone Soup version 0.23-a0-635-g88ca12a (webtiles) character file.

249 zishaf the Firebug (level 5, -1/45 HPs)
             Began as a Draconian Fire Elementalist on Dec 28, 2018.
             Slain by an orc wizard
             ... wielding a +0 dagger
              (5 damage)
             ... on level 3 of the Dungeon.
             The game lasted 00:05:55 (2950 turns).

zishaf the Firebug (Draconian Fire Elementalist)    Turns: 2950, Time: 00:05:56

Health: -1/45      AC:  5    Str: 10    XL:     5   Next: 87%
Magic:  1/8        EV: 12    Int: 17    God:
Gold:   83         SH:  0    Dex: 11    Spells: 2/8 levels left

rFire    + . .     SeeInvis .   (no weapon)
rCold    . . .     Gourm    .   (no shield)
rNeg     . . .     Faith    .   (armour unavailable)
rPois    .         Spirit   .   (helmet restricted)
rElec    .         Reflect  .   (no cloak)
rCorr    .         Harm     .   (no gloves)
MR       .....                  (no boots)
Stlth    ++........             (no amulet)
HPRegen  0.15/turn              e - ring of protection from fire
MPRegen  0.11/turn              (no ring)

@: no status effects
A: unfitting armour, cold-blooded, AC +5
a: no special abilities


You were on level 3 of the Dungeon.
You were not hungry.

You visited 1 branch of the dungeon, and saw 4 of its levels.

You collected 83 gold pieces.

Inventory:

Missiles
 d - 90 stones (quivered)
Jewellery
 e - a ring of protection from fire (left hand)
Wands
 q - a wand of acid (5)
Scrolls
 a - 4 scrolls of remove curse {unknown}
 h - a scroll of magic mapping {unknown}
 i - a scroll of amnesia {unknown}
 l - a scroll of identify {unknown}
 o - a scroll of teleportation {unknown}
Potions
 c - 3 potions of cancellation {unknown}
 f - 3 potions of curing {unknown}
 g - a potion of resistance {unknown}
 j - 2 potions of heal wounds {unknown}
 k - a potion of haste {unknown}
 m - a potion of berserk rage {unknown}
 n - a potion of mutation {unknown}
 p - a potion of brilliance {unknown}
Comestibles
 b - 6 rations


   Skills:
 + Level 3.3 Fighting
 - Level 2.0 Dodging
 - Level 2.0 Stealth
 + Level 2.2 Spellcasting
 + Level 3.2 Conjurations
 + Level 4.4 Fire Magic


You had 2 spell levels left.
You knew the following spells:

 Your Spells              Type           Power        Failure   Level  Hunger
a - Flame Tongue          Conj/Fire      ##...        4%          1    #......
b - Throw Flame           Conj/Fire      ##....       6%          2    ###....
z - Conjure Flame         Conj/Fire      ##......     12%         3    ###....

Your spell library contained the following spells:

 Spells                   Type           Power        Failure   Level  Hunger
 Inner Flame              Hex/Fire       #.......     22%         3    ###....
 Sticky Flame             Conj/Fire      ##......     36%         4    #####..
 Fireball                 Conj/Fire      ##........   73%         5    ######.


Dungeon Overview and Level Annotations

Branches:
Dungeon (4/15)
 Temple: D:4-7

Altars:


Innate Abilities, Weirdness & Mutations

Your plain brown scales are hard. (AC +5)
You cannot fit into any form of body armour.
You are cold-blooded and may be slowed by cold attacks.


Message History

A magic dart appears from out of thin air!
The magic dart hits you!
Your magical contamination has completely faded away.
You hit something.
Your tail-slap misses something.
You hear some strange, mumbled words.
A puff of flame appears from out of thin air!
The puff of flame misses you.
Casting: Flame Tongue (safe; 4% risk of failure)
Confirm with . or Enter, or press ? or * to list all spells.
Aiming: Flame Tongue (safe; 4% risk of failure)
Press: ? - help, Shift-Dir - straight line The flame tongue hits something.
Something hits you.
* * * LOW HITPOINT WARNING * * *
You hit something but do no damage. Something hits you.
* * * LOW HITPOINT WARNING * * *
You hit something but do no damage. Something hits you.
* * * LOW HITPOINT WARNING * * *
You hit something but do no damage. You tail-slap something.
Something hits you.
You die...

...........#.#.#.########.#
########..##.#.#.#......#.#
.......#...#.#.#)#.####.#.#
#.####.#####.#.#.#.# #.#.#
#.#..#.#.....#.#.#.####.#.#
..#..#.#.##..#.#.....##.#.#
#....#...##......#.#.##.#.#
.....#.......#.#{#.#.##.#.#
................@#.#.##.#.#
.)...#.#.##.##.#)#.#.##.#.#
.##.##.#.......#.#.#....#.#
..#..#.####.####.#......#.#
..#..#...........#......#.#
#.......###.######.####.#.#
.#......# #.# #.######.#
.'......###.######........#
####
.#......##........#########
#...


There were no monsters in sight!

Vanquished Creatures
  3 orc wizards (D:3)
  5 adders
  An ooze (D:3)
  3 dart slugs
  A worm (D:2)
  3 leopard geckos
  6 orcs
  12 bats
  4 giant cockroaches
  11 goblins
  5 hobgoblins
  7 jackals
  A ball python (D:2)
  5 frilled lizards
  13 kobolds
  5 rats
85 creatures vanquished.

Vanquished Creatures (others)
  An orc wizard (D:3)
1 creature vanquished.

Grand Total: 86 creatures vanquished

Notes
Turn   | Place    | Note
-------+----------+-------------------------------------------
     0 | D:1      | zishaf the Draconian Fire Elementalist began the quest for
                  | the Orb.
     0 | D:1      | Reached XP level 1. HP: 14/14 MP: 3/3
   135 | D:1      | Reached XP level 2. HP: 22/22 MP: 1/5
   231 | D:1      | Reached skill level 1 in Fighting
   350 | D:1      | Learned a level 2 spell: Throw Flame
   560 | D:1      | Reached XP level 3. HP: 25/28 MP: 0/6
  1075 | D:2      | Learned a level 3 spell: Conjure Flame
  1343 | D:2      | Reached XP level 4. HP: 36/36 MP: 2/7
  1809 | D:3      | Reached skill level 4 in Fire Magic
  1809 | D:3      | Reached XP level 5. HP: 31/42 MP: 0/8
  2950 | D:3      | Slain by an orc wizard

Vault maps used:
D:1:      nicolae_arrival_memento_mori
D:2:      first_ration
D:4:      gammafunk_steamed_eel, grunt_temple_overflow_growth_and_decay,
          uniq_crazy_yiuf_cottage

Skill      XL: |  1  2  3  4  5 |
---------------+----------------+-----
Stealth        | 2 |  2.0
Dodging        | 2 |  2.0
Fighting       | 1 2 3 |  3.3
Conjurations   | 2 3 |  3.2
Fire Magic     | 4 |  4.4
Spellcasting   | |  2.2

Action                   |  1- 3 |  4- 6 || total
-------------------------+-------+-------++-------
Melee: Unarmed           |    33 |    29 ||    62
       Tailslap          |     2 |     2 ||     4
 Cast: Flame Tongue      |    72 |    82 ||   154
 Stab: Sleeping          |     1 |       ||     1
  Eat: Chunk             |     3 |     6 ||     9
Armor: Skin              |    29 |    24 ||    53
Dodge: Dodged            |    65 |    41 ||   106

Table legend:
 A = Non-vault XP
 B = Vault XP
 C = Vault XP percentage of total XP
 D = Non-vault monster count
 E = Vault monster count
 F = Vault count percentage of total count
                 A         B        C        D         E       F
            +---------+---------+-------+---------+---------+-------
      Total |     357 |       0 |   0.0 |      86 |       0 |   0.0
            +---------+---------+-------+---------+---------+-------
        D:1 |      47 |       0 |   0.0 |      30 |       0 |   0.0
        D:2 |      88 |       0 |   0.0 |      27 |       0 |   0.0
        D:3 |     216 |       0 |   0.0 |      27 |       0 |   0.0
        D:4 |       6 |       0 |   0.0 |       2 |       0 |   0.0
            +---------+---------+-------+---------+---------+-------
